 Dungeon Crawl Stone Soup version 0.31.0-32-g396128a36d (webtiles) character file.

Game seed: 8396628420053446181

22 booth the Trooper (level 2, -1/24 HPs)
             Began as a Demonspawn Monk on Mar 9, 2024.
             Slain by Terence
             ... wielding a +0 trident
              (8 damage)
             ... on level 2 of the Dungeon.
             The game lasted 00:03:40 (759 turns).

booth the Trooper (Demonspawn Monk)                  Turns: 759, Time: 00:03:41

Health: -1/24      AC:  3    Str: 10 (11) XL:     2   Next: 68%
Magic:  2/2        EV: 12    Int:  9 (10) God:
Gold:   44         SH:  0    Dex: 13 (15) Spells: 1/1 levels left

rFire   + . .        i - +2 hand axe "Lokhon" {heavy, rC+}
rCold   + . .        d - orb {light}
rNeg    . . .        j - +0 leather armour
rPois   .            (no helmet)
rElec   .            (no cloak)
rCorr   .            (no gloves)
SInv    .            (no boots)
Will    .....        (no amulet)
Stlth   +            f - ring of protection from fire
HPRegen 0.24/turn    (no ring)
MPRegen 0.08/turn

%: no passive effects
@: glowing
A: hooves 1
a: no special abilities


You were on level 2 of the Dungeon.
You visited 1 branch of the dungeon, and saw 2 of its levels.

You collected 44 gold pieces.

Inventory:

Hand Weapons
 a - a +0 hand axe
 h - a +0 mace
 i - the +2 hand axe "Lokhon" (weapon) {heavy, rC+}
   (You found it on level 2 of the Dungeon)

   rC+:       It protects you from cold.
Armour
 d - an orb of light (worn)
 j - a +0 leather armour (worn)
Jewellery
 f - a ring of protection from fire (left hand)
Scrolls
 b - a scroll of immolation {unknown}
Potions
 c - a potion of ambrosia
 e - 2 potions of curing {unknown}
 g - 2 potions of attraction {unknown}


   Skills:
 + Level 3.3 Fighting
 * Level 3.1 Axes
 + Level 3.0 Dodging


You had one spell level left.
You didn't know any spells.
Your spell library was empty.

Dungeon Overview and Level Annotations

Branches:
Dungeon (2/15)

Altars:

Annotations:
D:2 Terence


Innate Abilities, Weirdness & Mutations

You have large cloven feet.


Message History

You open the door.
There is an open door here.
You open the door.
A goblin comes into view. It is wielding a +0 dagger.
Found a stone.
The goblin shouts!
There is an open door here.
You slash the goblin!
You kill the goblin!
Terence the Incautious comes into view.
He is wielding a +0 trident.
There is an open door here.
You close the door.
You start waiting.
Done waiting.
You open the door.
There is an open door here.
There is an open door here.
You see here a +0 dagger.
Terence shouts!
There is an open door here.
You see here a +0 dagger.
You close the door, pushing everything out of the way.
Terence opens the door.
Terence hits you with a +0 trident!
There is an open door, spattered with blood here.
You hit Terence.
Terence is moderately wounded.
Terence hits you with a +0 trident. Terence barely misses you.
You slash Terence! Your kick misses Terence.
Terence is severely wounded.
Terence hits you but does no damage. Terence hits you with a +0 trident.
You hit Terence. You kick Terence.
Terence is almost dead.
Terence hits you with a +0 trident.
* * * LOW HITPOINT WARNING * * *
You barely miss Terence.
Terence is almost dead.
Terence hits you with a +0 trident!
You die...
Terence says, "Time to find some more victims."

#. #..
....######
.........#
..(......####
........@@..##
.........##..#
.........###.##
.........# #..#
##########
##'## #...#
#...+ #...#
####### #...#


You could see Terence.

Vanquished Creatures
  2 dart slugs
  2 ball pythons
  An endoplasm (D:1)
  2 giant cockroaches (D:1)
  A goblin (D:2)
  3 hobgoblins (D:1)
  2 quokkas (D:1)
  A bat (D:1)
  A frilled lizard (D:1)
  A rat (D:1)
16 creatures vanquished.

Notes
Turn   | Place    | Note
-------+----------+-------------------------------------------
     0 | D:1      | booth the Demonspawn Monk began the quest for the Orb.
     0 | D:1      | Reached XP level 1. HP: 18/18 MP: 1/1
   332 | D:1      | Discovered your monstrous ancestry.
   332 | D:1      | Gained mutation: You have large cloven feet. [demonic
                  | ancestry]
   332 | D:1      | Reached XP level 2. HP: 23/24 MP: 2/2
   586 | D:2      | Identified the +2 hand axe "Lokhon" {heavy, rC+}
   625 | D:2      | Noticed Terence
   759 | D:2      | Slain by Terence

Illustrated notes

Levels and vault maps discovered:
D:1:      roderic_chinese_lattice_arrival, layout_rooms, minmay_tromino_v4_c
D:2:      layout_basic, uniq_terence

Skill      XL: |  1  2 |
---------------+-------+-----
Axes           | 3 |  3.1
Dodging        | 3 |  3.0
Fighting       | |  3.3

Action                     || total
---------------------------++-------
  Melee: Hand axe          ||    51
         Kick              ||     5
    Use: Scroll            ||     1
         Potion            ||     1
 Armour: Robe              ||    14
         Leather armour    ||    11
  Dodge: Dodged            ||    32
